 Dungeon Crawl Stone Soup version 0.28.0-45-g0d030f2227 (webtiles) character file.

Game seed: 6969451242739404921

543 pkoi the Conjurer (level 6, -1/45 HPs)
             Began as a Demigod Conjurer on Apr 4, 2022.
             Slain by an ogre
             ... wielding a +0 giant spiked club
              (9 damage)
             ... on level 4 of the Dungeon.
             The game lasted 00:04:28 (5524 turns).

pkoi the Conjurer (Demigod Conjurer)                Turns: 5524, Time: 00:04:28

Health: -1/45      AC:  6    Str:  8    XL:     6   Next: 77%
Magic:  11/14      EV: 12    Int: 28    God:
Gold:   99         SH:  0    Dex: 12    Spells: 7/12 levels left

rFire   + . .      SeeInvis .   a - +0 dagger (freeze)
rCold   . . .      Faith    .   (no shield)
rNeg    . . .      Spirit   .   e - +2 robe {rF+}
rPois   .          Reflect  .   (no helmet)
rElec   .          Harm     .   l - +1 cloak
rCorr   +          Rampage  .   (no gloves)
Will    .....                   (no boots)
Stlth   ++........              (no amulet)
HPRegen 0.15/turn               d - ring of resist corrosion
MPRegen 0.14/turn               (no ring)

@: no status effects
A: high MP 1, forlorn, divine attributes
a: no special abilities


You were on level 4 of the Dungeon.
You visited 1 branch of the dungeon, and saw 4 of its levels.

You collected 99 gold pieces.

Inventory:

Hand Weapons
 a - a +0 dagger of freezing (weapon)
 b - a +0 short sword
Armour
 e - a +2 robe of fire resistance (worn)
 l - a +1 cloak (worn)
Magical Staves
 n - a staff of earth
Jewellery
 d - a ring of resist corrosion (left hand)
 i - a ring of fire
Wands
 g - a wand of acid (7)
Scrolls
 f - 2 scrolls of fog
 h - a scroll of blinking
 j - 2 scrolls of identify
Potions
 c - a potion of curing
 m - a potion of mutation {unknown}


   Skills:
 - Level 1.7 Dodging
 - Level 1.7 Stealth
 + Level 3.8 Spellcasting
 * Level 6.5 Conjurations
 - Level 1.0 Air Magic
 - Level 1.0 Poison Magic


You had 7 spell levels left.
You knew the following spells:

 Your Spells              Type           Power      Damage    Failure   Level
a - Magic Dart            Conj           100%       1d8       1%          1
b - Searing Ray           Conj           82%        2d7       1%          2
c - Poisonous Vapours     Pois/Air       22%        N/A       8%          2

Your spell library contained the following spells:

 Spells                   Type           Power      Damage    Failure   Level
 Static Discharge         Conj/Air       26%        N/A       2%          2
 Sting                    Tmut/Pois      32%        1d4       6%          1
 Dazzling Flash           Conj/Hex       46%        N/A       6%          3
 Fulminant Prism          Conj/Hex       11%        3d9       21%         4
 Iskenderun's Mystic Bla  Conj/Tloc      23%        2d6       21%         4
 Sticky Flame             Conj/Fire      23%        2d4       21%         4
 Olgreb's Toxic Radiance  Pois           11%        N/A       43%         4
 Dispel Undead            Necr           5%         3d7       58%         4


Dungeon Overview and Level Annotations

Branches:
Dungeon (4/15)
 Temple: D:4-7

Shops:
D:3 ((


Innate Abilities, Weirdness & Mutations

You have an increased reservoir of magic. (+10% MP)
You shall have no god before yourself.
Your divine heritage dramatically boosts your attributes as you level up.


Message History

The ogre is lightly wounded.
The magic dart hits the ogre.
The ogre is moderately wounded.
The magic dart hits the ogre!
The ogre is heavily wounded.
The magic dart hits the ogre.
The ogre is severely wounded.
The magic dart hits the ogre.
The ogre is almost dead.
An ogre comes into view. It is wielding a +0 giant spiked club.
The magic dart hits the ogre.
You kill the ogre!
The ogre shouts!
Casting: Magic Dart (safe; 1% risk of failure)
Confirm with . or Enter, or press ? or * to list all spells.
You can't see any susceptible monsters within range! (Use Z to cast anyway.) Unknown command.
There is a stone staircase leading up here.
You climb upwards.
There is a stone staircase leading down here.
You start resting.
Magic restored.
You climb downwards.
The ogre hits you with a +0 giant spiked club.
There is a stone staircase leading up, spattered with blood here.
Unknown command.
Casting: Magic Dart (safe; 1% risk of failure)
Confirm with . or Enter, or press ? or * to list all spells.
Aiming: Searing Ray (safe; 1% risk of failure)
Press: ? - help, Shift-Dir - straight line, f - ogre
Aim: an ogre, wielding a +0 giant spiked club (91% to hit)
The searing ray misses the ogre. (Press . to maintain the ray.)
The ogre hits you with a +0 giant spiked club!!
Ouch! That really hurt!
* * * LOW HITPOINT WARNING * * *
The searing ray hits the ogre!
The ogre is heavily wounded.
The ogre hits you with a +0 giant spiked club!
You die...

####### #.....#####
#....≈≈≈..#####
#....♣≈≈≈.....#
###..≈≈P......######
#........(........
#..##.......######
#.O.#........#####
#@#...............
#.###.......#.)###
#.# #.......#..$##
#.# #......###.#.#
#.. ###...## #.#O
... .$.### #.# ...
...## #. ......# #


You could see an ogre.

Vanquished Creatures
  An ogre (D:4)
  3 scorpions (D:4)
  An orc priest (D:4)
  A bullfrog skeleton (D:4)
  A jelly (D:4)
  2 hound skeletons (D:4)
  Robin (D:2)
  4 gnolls (D:2)
  2 adders
  A worm (D:3)
  3 dart slugs
  3 orcs (D:4)
  10 ball pythons
  5 endoplasms
  2 giant cockroaches (D:1)
  7 hobgoblins
  2 quokkas
  5 bats
  5 frilled lizards
  22 goblins
  6 kobolds
  7 rats
94 creatures vanquished.

Notes
Turn   | Place    | Note
-------+----------+-------------------------------------------
     0 | D:1      | pkoi the Demigod Conjurer began the quest for the Orb.
     0 | D:1      | Reached XP level 1. HP: 14/14 MP: 5/5
   303 | D:1      | Reached XP level 2. HP: 20/20 MP: 2/7
   369 | D:1      | Reached skill level 4 in Conjurations
  1811 | D:2      | Reached XP level 3. HP: 26/26 MP: 7/9
  2425 | D:1      | Learned a level 2 spell: Searing Ray
  2428 | D:1      | Learned a level 2 spell: Poisonous Vapours
  2441 | D:2      | Noticed Robin
  2527 | D:2      | Killed Robin
  2694 | D:2      | Reached XP level 4. HP: 22/33 MP: 4/10
  3322 | D:2      | Reached skill level 1 in Poison Magic
  3600 | D:3      | Found Pizxups's Weapon Emporium.
  3885 | D:3      | Reached skill level 1 in Air Magic
  3984 | D:3      | Reached skill level 5 in Conjurations
  4008 | D:3      | Found Acietaz's Weapon Shoppe.
  4359 | D:4      | Reached XP level 5. HP: 34/38 MP: 3/12
  4701 | D:4      | Reached XP level 6. HP: 45/45 MP: 4/14
  4926 | D:4      | Reached skill level 6 in Conjurations
  5524 | D:4      | Slain by an ogre

Illustrated notes

Levels and vault maps discovered:
D:1:      tarquinn_simple_flora_water_c, layout_basic
D:2:      kennysheep_the_goblin_king, layout_loops_corners, uniq_robin
D:3:      layout_loops_ring, serial_shops, nicolae_shop_bloodbath_and_beyond,
          nicolae_shop_stone, basic_ecumenical_altar, corexii_leaking_fountain
D:4:      minmay_inner_zag, layout_rooms, minmay_temple_entry_hall,
          minmay_misc_feat_ornament, serial_bayou_pond_e

Skill      XL: |  1  2  3  4  5  6 |
---------------+-------------------+-----
Spellcasting   | 2 3 |  3.8
Conjurations   | 4 5 6 |  6.5
Poison Magic   | 1 |  1.0
Air Magic      | 1 |  1.0
Dodging        | |  1.7
Stealth        | |  1.7

Action                   |  1- 3 |  4- 6 || total
-------------------------+-------+-------++-------
Melee: Short sword       |    31 |       ||    31
 Cast: Magic Dart        |    88 |    87 ||   175
       Searing Ray       |     2 |     7 ||     9
  Use: Scroll            |     4 |     2 ||     6
Armor: Robe              |    16 |     3 ||    19
Dodge: Dodged            |    23 |     7 ||    30
